 Dungeon Crawl Stone Soup version 0.31-a0-221-gbddc013574 (webtiles) character file.

Game seed: 3602577200450143299

457 porpoise the Skirmisher (level 7, -5/44 HPs)
             Began as a Kobold Hunter on July 5, 2023.
             Slain by an ogre
             ... wielding a +0 giant club
              (17 damage)
             ... on level 4 of the Dungeon.
             The game lasted 00:09:08 (2866 turns).

porpoise the Skirmisher (Kobold Hunter)             Turns: 2866, Time: 00:09:09

Health: -5/44      AC: 11    Str:  8    XL:     7   Next: 27%
Magic:  6/6        EV: 13    Int: 10    God:
Gold:   160        SH:  0    Dex: 21    Spells: 6/6 levels left

rFire   . . .        b - +1 rapier of Excruciating Pain {heavy, SInv}
rCold   + . .        (no shield)
rNeg    . . .        A - +0 ring mail
rPois   .            v - +2 hat {Will+}
rElec   .            t - +2 cloak
rCorr   .            o - +0 pair of gloves
SInv    +            (no boots)
Will    +....        (no amulet)
Stlth   ++++         f - ring of protection from cold
HPRegen 0.27/turn    (no ring)
MPRegen 0.10/turn

%: no passive effects
@: lethally poisoned (-5 -> -7)
A: small, no large weapons, nightstalker 3, hooves 1, low MP 1, MP-powered wands
a: no special abilities


You were on level 4 of the Dungeon.
You visited 1 branch of the dungeon, and saw 4 of its levels.

You collected 160 gold pieces.

Inventory:

Hand Weapons
 a - a +0 shortbow
 b - the +1 rapier of Excruciating Pain (weapon) {heavy, SInv}
   (You found it on level 2 of the Dungeon)

   SInv:      It lets you see invisible.
 r - a +2 dagger of holy wrath
 s - the +2 hammer of the Hand {spect, rF+ Str+3}
   (You found it on level 2 of the Dungeon)

   Str:       It affects your strength (+3).
   rF:        It protects you from fire.
Missiles
 w - 3 atropa-tipped darts
 z - 2 poisoned darts
Armour
 o - a +0 pair of gloves (worn)
 t - a +2 cloak (worn)
 v - a +2 hat of willpower (worn)
 A - a +0 ring mail (worn)
Jewellery
 f - a ring of protection from cold (left hand)
Wands
 p - a wand of iceblast (4)
Scrolls
 g - a scroll of butterflies
 h - a scroll of fog {unknown}
 k - a scroll of poison {unknown}
 l - a scroll of immolation {unknown}
 m - a scroll of teleportation
 q - a scroll of enchant weapon {unknown}
 x - a scroll of revelation {unknown}
 y - 3 scrolls of identify {unknown}
Potions
 i - a potion of lignification {unknown}
 j - a potion of berserk rage {unknown}
 n - a potion of brilliance {unknown}
 u - a potion of curing


   Skills:
 + Level 4.3 Fighting
 * Level 8.5 Ranged Weapons
 - Level 2.4 Dodging
 + Level 5.1 Stealth


You had 6 spell levels left.
You didn't know any spells.
Your spell library was empty.

Dungeon Overview and Level Annotations

Branches:
Dungeon (4/15)
 Temple: D:4-7

Altars:
Ashenzari
Cheibriados
Xom

Shops:
D:3 :


Innate Abilities, Weirdness & Mutations

You are small and have problems with some larger weapons.
You are completely attuned to the shadows.
You have large cloven feet.
Your magical capacity is low. (-10% MP)
You expend magic power (3 MP) to strengthen your wands.


Message History

The scorpion poisons you! The kobold hits you but does no damage.
The scorpion misses you.
The kobold hits you with a +0 short sword.
Okay, then.
You closely miss the scorpion.
The scorpion is severely wounded.
You feel very sick.
The scorpion stings you but does no damage.
The ogre hits you with a +0 giant club! The kobold barely misses you.
The scorpion stings you but does no damage.
The kobold barely misses you.
It was a potion of curing.
You feel better. The scorpion barely misses you. The ogre barely misses you.
The kobold hits you but does no damage.
It was a potion of heal wounds.
You feel much better.
The scorpion stings you but does no damage.
The ogre hits you with a +0 giant club. The kobold hits you but does no damage.
The scorpion stings you.
You are poisoned.
The scorpion poisons you!
It was a potion of mutation.
You feel extremely strange.
You feel less energetic.
You feel your magical essence link to the dungeon's wands.
Your feet thicken and deform.
You feel very sick. The scorpion misses you. The kobold barely misses you.
You puncture the scorpion!
You kill the scorpion!
You feel very sick. The ogre hits you with a +0 giant club!
The kobold misses you.
The kobold hits you with a +0 short sword.
The ogre closely misses you.
Your Stealth skill increases to level 5!
You puncture the ogre!
The ogre is heavily wounded.
You feel sick. The kobold misses you. The ogre closely misses you.
You hit the ogre. You kick the ogre.
The ogre is almost dead.
You feel sick. The kobold hits you but does no damage.
The ogre hits you with a +0 giant club!
You die...

.#
.#####.#
.......#
#.?..K†#
#..O@.#
#......#
.......#
.##.##.#
#. .#


You could see an ogre and a kobold.

Vanquished Creatures
  Sigmund (D:2)
  A scorpion (D:4)
  Crazy Yiuf (D:2)
  A jelly (D:3)
  An orc priest (D:3)
  Natasha (D:2)
  An orc wizard (D:3)
  Robin (D:3)
  3 adders
  A gnoll (D:1)
  2 dart slugs
  2 orcs (D:3)
  2 endoplasms
  A giant cockroach (D:2)
  15 goblins
  7 hobgoblins
  3 jackals (D:1)
  4 kobolds
  3 quokkas
  2 ball pythons
  2 bats
  3 rats
58 creatures vanquished.

Notes
Turn   | Place    | Note
-------+----------+-------------------------------------------
     0 | D:1      | porpoise the Kobold Hunter began the quest for the Orb.
     0 | D:1      | Reached XP level 1. HP: 12/12 MP: 1/1
   130 | D:1      | Reached XP level 2. HP: 18/18 MP: 2/2
   296 | D:1      | Reached XP level 3. HP: 22/22 MP: 3/3
   339 | D:1      | Reached skill level 6 in Ranged Weapons
   572 | D:2      | Found a broken altar of Ashenzari.
   967 | D:2      | Reached XP level 4. HP: 27/27 MP: 4/4
  1017 | D:2      | Identified the +1 rapier of Excruciating Pain {heavy, SInv}
  1133 | D:2      | Identified the +2 hammer of the Hand {spect, rF+ Str+3}
  1152 | D:2      | Found a runed translucent door.
  1155 | D:2      | Noticed Crazy Yiuf
  1165 | D:2      | Killed Crazy Yiuf
  1334 | D:2      | Noticed Natasha
  1341 | D:2      | Killed Natasha
  1342 | D:2      | Reached XP level 5. HP: 29/32 MP: 5/5
  1466 | D:2      | Noticed Sigmund
  1474 | D:2      | Killed Sigmund
  1475 | D:2      | Reached skill level 7 in Ranged Weapons
  1475 | D:2      | Reached XP level 6. HP: 36/38 MP: 6/6
  1962 | D:3      | Found Ikloawn's Book Shop.
  1999 | D:3      | Reached skill level 8 in Ranged Weapons
  2018 | D:3      | Found a snail-covered altar of Cheibriados.
  2513 | D:3      | Found a shimmering altar of Xom.
  2535 | D:3      | Reached XP level 7. HP: 41/43 MP: 7/7
  2550 | D:3      | Noticed Robin
  2556 | D:3      | Killed Robin
  2863 | D:4      | Gained mutation: Your magical capacity is low. (-10% MP)
                  | [potion of mutation]
  2863 | D:4      | Gained mutation: You expend magic power (3 MP) to
                  | strengthen your wands. [potion of mutation]
  2863 | D:4      | Gained mutation: You have large cloven feet. [potion of
                  | mutation]
  2865 | D:4      | Reached skill level 5 in Stealth
  2866 | D:4      | Slain by an ogre

Illustrated notes

Levels and vault maps discovered:
D:1:      nicolae_arrival_memento_mori, layout_rooms, minmay_tetromino_s2
D:2:      layout_basic, serial_curves, eino_curves_02, eino_curves_03,
          eino_curves_03, basic_altar, uniq_sigmund, uniq_crazy_yiuf_cottage,
          uniq_natasha
D:3:      layout_basic, pf_just_have_faith, cheibriados_altar_1, serial_shops,
          shop_fountains, minmay_misc_feat_pillars, uniq_robin
D:4:      layout_loops_ring, makhleb_altar_promises_db, serial_rivers,
          chequers_serial_rivers_small_a, chequers_serial_rivers_micro_a,
          chequers_serial_rivers_micro_b, chequers_serial_rivers_micro_a,
          chequers_serial_rivers_small_b, portal_sewer_entry_f,
          minmay_fractal_squares_gapless_5, uniq_blork_the_orc

Skill      XL: |  1  2  3  4  5  6  7 |
---------------+----------------------+-----
Stealth        | 2 3 4 5 |  5.1
Ranged Weapons | 6 7 8 |  8.5
Fighting       | 3 4 |  4.3
Dodging        | |  2.4

Action                     |  1- 3 |  4- 6 |  7- 9 || total
---------------------------+-------+-------+-------++-------
  Melee: Mace              |       |     6 |       ||     6
         Rapier            |       |    10 |    33 ||    43
         Kick              |       |       |     1 ||     1
         Punch             |       |       |     1 ||     1
   Fire: Shortbow          |    56 |    49 |       ||   105
    Use: Scroll            |       |     1 |       ||     1
         Potion            |       |       |     3 ||     3
   Stab: Sleeping          |       |     1 |     1 ||     2
 Armour: Leather armour    |     3 |    15 |    17 ||    35
         Ring mail         |       |       |    11 ||    11
  Dodge: Dodged            |    12 |    19 |    49 ||    80

Table legend: (Time is in decaauts)
 A = Elapsed time spent in this place.
 B = Non-inter-level travel time spent in this place.
 C = Inter-level travel time spent in this place.
 D = Time resting spent in this place.
 E = Time spent auto-exploring this place.
 F = Levels seen in this place.
 G = Mean time per level.
                   A        B        C        D        E       F      G
               +--------+--------+--------+--------+--------+-----+--------+
         Total |   2905 |   2791 |    114 |    148 |   2253 |   4 |  726.2 |
       Dungeon |   2905 |   2791 |    114 |    148 |   2253 |   4 |  726.2 |
               +--------+--------+--------+--------+--------+-----+--------+

Top non-repeatable levels by time:
     D:2: 1361 daAuts
     D:3: 979 daAuts
     D:1: 548 daAuts
     D:4: 15 daAuts
